 Dungeon Crawl Stone Soup version 0.21-a0-529-g8c7b3f5 (webtiles) character file.

213 KristoblXynda the Ducker (level 5, -6/39 HPs)
             Began as a Barachi Gladiator on Dec 10, 2017.
             Killed from afar by an electric eel (16 damage)
             ... with a bolt of electricity
             ... on level 3 of the Dungeon.
             The game lasted 00:06:05 (3409 turns).

KristoblXynda the Ducker (Barachi Gladiator)        Turns: 3409, Time: 00:06:06

Health: -6/39      AC:  8    Str: 16    XL:     5   Next: 90%
Magic:  5/5        EV: 17    Int:  9    God:
Gold:   170        SH:  0    Dex: 13    Spells: 4/4 levels left

rFire    . . .     SeeInvis .   a - +0 war axe
rCold    + . .     Gourm    .   (no shield)
rNeg     . . .     Faith    +   x - +0 ring mail {rC+}
rPois    .         Spirit   .   c - +0 helmet
rElec    .         Reflect  .   (no cloak)
rCorr    +         Harm     .   w - +0 pair of gloves
MR       .....                  (no boots)
Stlth    +.........             u - amulet of faith
HPRegen  0.13/turn              j - +4 ring of evasion
MPRegen  0.09/turn              q - ring of resist corrosion

@: slow
A: +LOS, swims, slowness 1, strong legs 1
a: Hop


You were on level 3 of the Dungeon.
You were not hungry.

You visited 1 branch of the dungeon, and saw 3 of its levels.

You collected 170 gold pieces.

Inventory:

Hand Weapons
 a - a +0 war axe (weapon)
Missiles
 d - 3 throwing nets (quivered)
Armour
 c - a +0 helmet (worn)
 w - a +0 pair of gloves (worn)
 x - a +0 ring mail of cold resistance (worn)
Jewellery
 j - a +4 ring of evasion (left hand)
 q - a ring of resist corrosion (right hand)
 u - an amulet of faith (around neck)
Wands
 b - a wand of flame (15)
Scrolls
 e - a scroll of remove curse
 i - a scroll of enchant armour {unknown}
 m - a scroll of blinking {unknown}
 o - a scroll of fear {unknown}
 r - a scroll of magic mapping {unknown}
Potions
 h - a potion of curing {unknown}
 k - a potion of flight
 n - a potion of heal wounds {unknown}
 p - a potion of resistance {unknown}
 v - 2 potions of agility
Comestibles
 f - 2 bread rations
 l - a meat ration


   Skills:
 - Level 2.4 Fighting
 + Level 4.8 Axes
 - Level 2.0 Throwing
 + Level 3.5 Armour
 + Level 4.8 Dodging


You had 4 spell levels left.
You didn't know any spells.

Dungeon Overview and Level Annotations

Branches:
Dungeon (3/15)

Altars:

Annotations:
D:3 1 transporter


Innate Abilities, Weirdness & Mutations

Shadows flee at your approach. (+LOS)
You can swim through water.
You cover ground slowly.
You can hop short distances.


Message History

Press: ? - help, Shift-Dir - straight line
There is an open door here.
Evoke which item? (* to show all) (? for menu, Esc to quit)
Aiming: Throw Flame
Press: ? - help, Shift-Dir - straight line, f - electric eel
Aim: an electric eel The puff of flame misses the electric eel.
The electric eel is engulfed in a cloud of scalding steam.
The electric eel shoots out a bolt of lightning at you!
The bolt of electricity misses you. The bolt of electricity hits you!
The bolt of electricity hits the plant. x2
The electric eel is engulfed in a cloud of scalding steam.
The electric eel shoots out a bolt of lightning at you!
The bolt of electricity hits you! x2; The bolt of electricity hits the plant. x2
The electric eel is engulfed in a cloud of scalding steam.
The electric eel shoots out a bolt of lightning at you!
The bolt of electricity hits you!
* * * LOW HITPOINT WARNING * * *
The bolt of electricity hits you!
You die...

#####.# #.........# #####.#
#.#.#####.# ...##.#
####.#.#####.###
......############...............
##.#......................###.###
#.#.###############..........#
##.#.#8P#≈≈≈≈≈†;#P8#.##.#######
.....#..#≈≈≈P≈.!#..#....#
##..©#©/+≈≈≈⌠P.(@.©#©...#
##...#..#≈≈≈P≈..#..#..#'##
...#.#8P#≈≈≈≈≈≈≈#P8#.#...##
####.###############......## #
####.......................## ##
...............####.........####.
..................+.........'....
.###########...####.........####.
## #....## ##.......## #.


You could see an electric eel.

Vanquished Creatures
  An electric eel (D:3)
  An orc priest (D:3)
  4 gnolls (D:3)
  3 adders
  An ooze (D:1)
  A dart slug (D:1)
  A leopard gecko (D:1)
  5 orcs (D:3)
  7 giant cockroaches
  4 goblins
  3 hobgoblins (D:2)
  7 jackals (D:2)
  9 kobolds
  10 bats
  5 frilled lizards
  7 rats
69 creatures vanquished.

Notes
Turn   | Place    | Note
-------+----------+-------------------------------------------
     0 | D:1      | KristoblXynda the Barachi Gladiator began the quest for the Orb.
     0 | D:1      | Reached XP level 1. HP: 17/17 MP: 1/1
    73 | D:1      | Reached XP level 2. HP: 22/23 MP: 2/2
    78 | D:1      | Reached skill level 1 in Armour
   643 | D:2      | Reached XP level 3. HP: 24/28 MP: 3/3
  1202 | D:2      | Reached XP level 4. HP: 28/34 MP: 4/4
  1451 | D:3      | Found a transporter.
  1458 | D:3      | Found a transporter.
  2037 | D:3      | Reached XP level 5. HP: 18/39 MP: 5/5
  3409 | D:3      | Killed from afar by an electric eel

Vault maps used:
D:1:      moated_graveyard_arrival
D:2:      st_stairs_4
D:3:      gammafunk_steamed_eel

Skill      XL: |  1  2  3  4  5 |
---------------+----------------+-----
Armour         | 1 2 3 |  3.5
Axes           | 4 |  4.8
Dodging        | 4 |  4.8
Fighting       | |  2.4
Throwing       | |  2.0

Action                   |  1- 3 |  4- 6 || total
-------------------------+-------+-------++-------
Melee: War axe           |   114 |   106 ||   220
 Abil: Hop               |       |     2 ||     2
Evoke: Wand              |       |     5 ||     5
  Use: Scroll            |       |     3 ||     3
 Stab: Sleeping          |       |     1 ||     1
  Eat: Chunk             |     2 |     5 ||     7
       Royal jelly       |       |     1 ||     1
Armor: Leather armour    |    42 |    27 ||    69
Dodge: Dodged            |   103 |   104 ||   207

Table legend:
 A = Spawn XP
 B = Non-spawn XP
 C = Spawn XP percentage of total XP
 D = Spawn monster count
 E = Non-spawn monster count
 F = Spawn count percentage of total count
 G = Total turns spent on level
                    A         B        C        D         E        F      G
               +---------+---------+-------+---------+---------+-------+---------
         Total |       0 |     305 |   0.0 |       0 |      69 |   0.0 |  3409
               +---------+---------+-------+---------+---------+-------+---------
           D:1 |       0 |      29 |   0.0 |       0 |      13 |   0.0 |   564
           D:2 |       0 |      64 |   0.0 |       0 |      26 |   0.0 |  1043
           D:3 |       0 |     212 |   0.0 |       0 |      30 |   0.0 |  1802
               +---------+---------+-------+---------+---------+-------+---------
